[Event "51st La Roda Open 2025"]
[Site "La Roda"]
[Date "2025.04.20"]
[Round "9.7"]
[White "Yordanov, Lachezar"]
[Black "Santos, Antonio P"]
[Result "1-0"]
[Annotator "ChessBase"]
[ECO "A57"]
[WhiteElo "2364"]
[BlackElo "2152"]
[PlyCount "107"]
[EventDate "2025.04.15"]
[EventType "swiss"]
[EventCountry "ESP"]
[SourceTitle "playchess.com"]
[Source "ChessBase"]
[SourceQuality "1"]
[TimeControl "5400+30"]

1. d4 Nf6 2. c4 g6 3. Nf3 Bg7 4. e3 O-O 5. Be2 c5 6. d5 b5 7. cxb5 d6 8. Nc3 a6 9. bxa6 Bxa6 10. O-O Qb6 11. Nd2 Bxe2 12. Qxe2 Na6 13. Nc4 Qc7 14. e4 Nd7 15. Bg5 Ne5 16. Nb5 Qb7 17. Nba3 Rfb8 18. Nxe5 Bxe5 19. Nc4 Bg7 20. Rab1 h6 21. Be3 Nc7 22. a3 Qb3 23. Rbc1 Ra4 24. Nd2 Qb7 25. Rc2 Ne8 26. Nc4 Nf6 27. e5 dxe5 28. Bxc5 Nxd5 29. g3 Nf6 30. Bb4 Ne4 31. f3 Ng5 32. Nxe5 Ra6 33. Nd3 Re6 34. Qg2 Re3 35. Ne1 Rb3 36. Rd2 Ne6 37. Qe2 Bf6 38. Kg2 h5 39. Rf2 h4 40. Qc4 Re3 41. Rfe2 Rxe2+ 42. Qxe2 Rc8 43. Qe4 Qb5 44. f4 h3+ 45. Kxh3 Qf1+ 46. Qg2 Qc4 47. Qe2 Qc6 48. Nf3 Kg7 49. Kg2 Rh8 50. Kg1 Rc8 51. Ne5 Qc1+ 52. Rd1 Nd4 53. Qd3 Bxe5 54. fxe5 1-0

[Event "51st La Roda Open 2025"]
[Site "La Roda"]
[Date "2025.04.20"]
[Round "9.8"]
[White "Machado Hernandez, Junior"]
[Black "Centron Antuna, Daniel"]
[Result "0-1"]
[Annotator "ChessBase"]
[ECO "C02"]
[WhiteElo "2051"]
[BlackElo "2299"]
[PlyCount "57"]
[EventDate "2025.04.15"]
[EventType "swiss"]
[EventCountry "ESP"]
[SourceTitle "playchess.com"]
[Source "ChessBase"]
[SourceQuality "1"]
[TimeControl "5400+30"]

1. e4 e6 2. d4 d5 3. e5 c5 4. c3 Nc6 5. Nf3 Bd7 6. dxc5 Bxc5 7. Bd3 Nge7 8. O-O Ng6 9. Qe2 Qc7 10. Re1 f6 11. b4 Bb6 12. exf6 gxf6 13. a4 Nf4 14. Bxf4 Qxf4 15. b5 Ne5 16. Nxe5 fxe5 17. a5 Bc5 18. Ra2 e4 19. Bxe4 Qxe4 20. Qh5+ Qg6 21. Qxd5 Rc8 22. Qxb7 Qf7 23. Rd1 Rd8 24. Qc7 Qh5 25. Rad2 O-O 26. h3 Bxf2+ 27. Kh1 e5 28. b6 Bxh3 29. Kh2 0-1

[Event "51st La Roda Open 2025"]
[Site "La Roda"]
[Date "2025.04.20"]
[Round "9.9"]
[White "Gomez Falagan, Daniel"]
[Black "Portero Rubio, Martin"]
[Result "1-0"]
[Annotator "ChessBase"]
[ECO "E53"]
[WhiteElo "2254"]
[BlackElo "2125"]
[PlyCount "95"]
[EventDate "2025.04.15"]
[EventType "swiss"]
[EventCountry "ESP"]
[SourceTitle "playchess.com"]
[Source "ChessBase"]
[SourceQuality "1"]
[TimeControl "5400+30"]

1. d4 Nf6 2. c4 e6 3. Nc3 Bb4 4. e3 O-O 5. Bd3 d5 6. a3 Bxc3+ 7. bxc3 dxc4 8. Bxc4 c5 9. Nf3 Qc7 10. Be2 b6 11. Bb2 cxd4 12. cxd4 Ba6 13. O-O Bxe2 14. Qxe2 Nbd7 15. e4 Rfc8 16. Rfc1 Qb7 17. Re1 b5 18. Rab1 a6 19. h3 h6 20. Nd2 Rab8 21. Nf1 a5 22. Ba1 b4 23. axb4 axb4 24. Qf3 Qa8 25. Ng3 Rc2 26. d5 Qa2 27. Qf4 Rb7 28. dxe6 fxe6 29. Rbd1 b3 30. Bxf6 Nxf6 31. Rd8+ Kh7 32. e5 b2 33. exf6 b1=Q 34. Qe4+ g6 35. Rxb1 Qxb1+ 36. Kh2 Qb3 37. Re8 Rcc7 38. Rxe6 Rf7 39. Re7 Qb5 40. h4 Rbxe7 41. fxe7 Qe8 42. h5 Rxe7 43. hxg6+ Kg8 44. Qd5+ Kh8 45. Qd4+ Kg8 46. Nf5 Rd7 47. Nxh6+ Kf8 48. Qf6+ 1-0

[Event "51st La Roda Open 2025"]
[Site "La Roda"]
[Date "2025.04.20"]
[Round "9.10"]
[White "Rodriguez Rivera, Pedro"]
[Black "Goncalves, Samuel Jesus P"]
[Result "1/2-1/2"]
[Annotator "ChessBase"]
[ECO "B13"]
[WhiteElo "2127"]
[BlackElo "2248"]
[PlyCount "139"]
[EventDate "2025.04.15"]
[EventType "swiss"]
[EventCountry "ESP"]
[SourceTitle "playchess.com"]
[Source "ChessBase"]
[SourceQuality "1"]
[TimeControl "5400+30"]

1. e4 c6 2. d4 d5 3. exd5 cxd5 4. Bd3 Nc6 5. c3 Qc7 6. Ne2 Bg4 7. Bf4 Qxf4 8. Nxf4 Bxd1 9. Kxd1 e6 10. Bb5 Bd6 11. Bxc6+ bxc6 12. Nd3 Nf6 13. Nd2 Nd7 14. Re1 Ke7 15. Kc2 Rhb8 16. b4 a5 17. a3 Nb6 18. h3 Ra7 19. Reb1 Kd7 20. Nc5+ Kc7 21. b5 cxb5 22. Rxb5 a4 23. Nd3 Nd7 24. Rxb8 Nxb8 25. Nb4 Nc6 26. Nf3 h6 27. Re1 Na5 28. Nd2 Bf4 29. Nb1 Nc4 30. g3 Bd6 31. Re2 Kb6 32. Kd3 Rc7 33. Ra2 g5 34. Nd2 Bxb4 35. axb4 Kb5 36. Nxc4 Rxc4 37. f4 Rc8 38. f5 exf5 39. Rf2 a3 40. Rxf5 a2 41. Rxd5+ Ka4 42. Ra5+ Kb3 43. c4 Rxc4 44. Rxa2 Rc3+ 45. Kd2 Rxg3 46. Ra7 Kxb4 47. Rxf7 Rxh3 48. Rc7 g4 49. Ke2 Rh5 50. Rg7 Rh2+ 51. Kd3 h5 52. Rb7+ Ka5 53. d5 Rh1 54. Ke2 Ka6 55. Rb3 Rh2+ 56. Ke1 Rh1+ 57. Ke2 Rh2+ 58. Ke1 Rc2 59. d6 Rc8 60. d7 Rd8 61. Rd3 Kb6 62. Rd5 h4 63. Rd4 Kc7 64. Rxg4 Rh8 65. Rd4 h3 66. d8=Q+ Rxd8 67. Rxd8 Kxd8 68. Kf2 Kc8 69. Kg3 Kb7 70. Kxh3 1/2-1/2

[Event "51st La Roda Open 2025"]
[Site "La Roda"]
[Date "2025.04.20"]
[Round "9.11"]
[White "Garcia Jimenez, Santiago"]
[Black "Siscar Conill, Aitor"]
[Result "1/2-1/2"]
[Annotator "ChessBase"]
[ECO "B12"]
[WhiteElo "2241"]
[BlackElo "1986"]
[PlyCount "217"]
[EventDate "2025.04.15"]
[EventType "swiss"]
[EventCountry "ESP"]
[SourceTitle "playchess.com"]
[Source "ChessBase"]
[SourceQuality "1"]
[TimeControl "5400+30"]

1. e4 c6 2. d4 d5 3. e5 c5 4. c3 Nc6 5. Be2 e6 6. Nf3 cxd4 7. cxd4 Nge7 8. Na3 Nf5 9. Nc2 Be7 10. O-O O-O 11. Bd3 f6 12. Bxf5 exf5 13. Re1 fxe5 14. Nxe5 Nxe5 15. dxe5 f4 16. Nd4 Qb6 17. Nf3 Be6 18. Qb3 Qxb3 19. axb3 Bc5 20. Ra4 Bg4 21. Rxf4 Rxf4 22. Bxf4 Bxf3 23. gxf3 Rf8 24. Bg3 Rxf3 25. Rc1 b6 26. Rd1 Kf7 27. b4 Be7 28. Rxd5 Ke6 29. Rd2 Rb3 30. Rc2 Rxb4 31. Rc7 a5 32. f4 g6 33. Rc2 Bc5+ 34. Kg2 a4 35. Kf3 Bd4 36. Rc6+ Kd7 37. Rd6+ Kc7 38. f5 gxf5 39. e6 Rb3+ 40. Ke2 Rxb2+ 41. Kd3 Bc5 42. e7 Rb3+ 43. Kc2 Bxd6 44. e8=Q Bxg3 45. Qxa4 Rf3 46. hxg3 Kd6 47. Qd4+ Kc6 48. Qg7 Kc5 49. Qxh7 Kd4 50. Kd2 Rxg3 51. Qh4+ Rg4 52. Qf6+ Ke4 53. Qe6+ Kf3 54. Qe3+ Kg2 55. Qxb6 Kg3 56. Qe3+ Kh4 57. Qh6+ Kg3 58. Kd3 Rf4 59. Qg5+ Kf3 60. Qg6 Kf2 61. Qh6 Kg3 62. Ke2 Re4+ 63. Kf1 Kf3 64. Qh3+ Kf4 65. Kf2 Ke5 66. Qg3+ Ke6 67. Kf3 Kf6 68. Qd6+ Kg5 69. Qd8+ Kg6 70. Qf8 Rg4 71. Qd6+ Kg5 72. Qe5 Kg6 73. Qe6+ Kg5 74. Qd6 Re4 75. Qb8 Kf6 76. Qf8+ Kg6 77. Qh8 Rg4 78. Qe8+ Kf6 79. Qc6+ Kg5 80. Qc7 Kf6 81. Qd6+ Kg5 82. Qe5 Kg6 83. Kf2 Re4 84. Qd6+ Kg5 85. Qd8+ Kg6 86. Qg8+ Kf6 87. Kf3 Rg4 88. Qh8+ Kg6 89. Qd8 Re4 90. Qd6+ Kg5 91. Qf8 Kg6 92. Kg3 Re3+ 93. Kf2 Re4 94. Qh8 Rg4 95. Kf3 Re4 96. Qg8+ Kf6 97. Qh7 Rg4 98. Qh6+ Ke5 99. Ke3 Rg3+ 100. Kd2 Rg2+ 101. Kd3 Rg4 102. Qf8 Ke6 103. Qb8 Kf6 104. Qd6+ Kg5 105. Qe7+ Kg6 106. Qd8 Re4 107. Kd2 Rg4 108. Ke3 Re4+ 109. Kf3 1/2-1/2

[Event "51st La Roda Open 2025"]
[Site "La Roda"]
[Date "2025.04.20"]
[Round "9.12"]
[White "Aishwin Daniel"]
[Black "Gomez Peco, David"]
[Result "1-0"]
[Annotator "ChessBase"]
[ECO "C11"]
[WhiteElo "2236"]
[BlackElo "2085"]
[PlyCount "51"]
[EventDate "2025.04.15"]
[EventType "swiss"]
[EventCountry "ESP"]
[SourceTitle "playchess.com"]
[Source "ChessBase"]
[SourceQuality "1"]
[TimeControl "5400+30"]

1. e4 e6 2. d4 d5 3. Nc3 Nf6 4. e5 Nfd7 5. f4 c5 6. Nf3 Nc6 7. Be3 Qa5 8. Qd2 Rb8 9. dxc5 Bxc5 10. Bxc5 Nxc5 11. Bd3 b5 12. O-O b4 13. Ne2 Ba6 14. Nfd4 Bxd3 15. cxd3 Qb6 16. Kh1 Nxd4 17. Nxd4 Na4 18. Qc2 Qxd4 19. Qc6+ Kd8 20. Qd6+ Kc8 21. Rfc1+ Nc3 22. bxc3 bxc3 23. Qc6+ Kd8 24. Rab1 Rb6 25. Qa8+ Kc7 26. Qxa7+ 1-0

[Event "51st La Roda Open 2025"]
[Site "La Roda"]
[Date "2025.04.20"]
[Round "9.13"]
[White "Talavera Garcia, Santiago"]
[Black "Pomes Marcet, Joan"]
[Result "1/2-1/2"]
[Annotator "ChessBase"]
[ECO "A26"]
[WhiteElo "2024"]
[BlackElo "2187"]
[PlyCount "95"]
[EventDate "2025.04.15"]
[EventType "swiss"]
[EventCountry "ESP"]
[SourceTitle "playchess.com"]
[Source "ChessBase"]
[SourceQuality "1"]
[TimeControl "5400+30"]

1. c4 e5 2. Nc3 d6 3. g3 Nc6 4. Bg2 g6 5. e4 Bg7 6. Nge2 Nge7 7. d3 O-O 8. h4 h5 9. Bg5 Be6 10. Nd5 f6 11. Be3 Nb8 12. Qb3 b6 13. d4 c6 14. Nxe7+ Qxe7 15. d5 cxd5 16. cxd5 Bc8 17. O-O Ba6 18. Rfe1 Nd7 19. Nc3 Nc5 20. Qa3 Bc8 21. b4 Na6 22. Nb5 Qd7 23. Bf1 Rf7 24. Rac1 Bb7 25. Rc2 Qd8 26. Rec1 Bf8 27. Bd2 Qd7 28. Kh2 f5 29. exf5 Qxf5 30. Be1 g5 31. hxg5 Qxg5 32. Nc3 Nc7 33. Ne4 Qg7 34. Qe3 Nxd5 35. Qd2 Qg6 36. Ng5 Bh6 37. f4 exf4 38. gxf4 Rxf4 39. Rc8+ Rf8 40. Rxa8 Bxa8 41. Bh4 Bg7 42. Bc4 Rf5 43. Bd3 Be5+ 44. Kg1 Bd4+ 45. Kh2 Be5+ 46. Kg1 Bd4+ 47. Kh2 Be5+ 48. Kg1 1/2-1/2

[Event "51st La Roda Open 2025"]
[Site "La Roda"]
[Date "2025.04.20"]
[Round "9.14"]
[White "Vehi Bach, Victor Manuel"]
[Black "Martinez Herranz, Francisco Jose"]
[Result "1/2-1/2"]
[Annotator "ChessBase"]
[ECO "B61"]
[WhiteElo "2178"]
[BlackElo "2050"]
[PlyCount "66"]
[EventDate "2025.04.15"]
[EventType "swiss"]
[EventCountry "ESP"]
[SourceTitle "playchess.com"]
[Source "ChessBase"]
[SourceQuality "1"]
[TimeControl "5400+30"]

1. e4 c5 2. Nf3 d6 3. d4 cxd4 4. Nxd4 Nf6 5. Nc3 Nc6 6. Bg5 Bd7 7. Qd2 Rc8 8. Nxc6 Bxc6 9. f3 Qa5 10. O-O-O h6 11. Be3 e6 12. Kb1 Be7 13. Nb5 Qxd2 14. Rxd2 d5 15. Nxa7 Rd8 16. e5 Nd7 17. f4 g5 18. Bb5 Bxb5 19. Nxb5 Bc5 20. Bxc5 Nxc5 21. Nd6+ Ke7 22. g3 f5 23. Rd4 Rd7 24. Rb4 Ne4 25. a4 Ra8 26. Rd1 gxf4 27. gxf4 Nxd6 28. exd6+ Kxd6 29. Rb6+ Kc5 30. Rxe6 Rxa4 31. Rf1 Rd6 32. Rxd6 Kxd6 33. Rf3 Kc5 1/2-1/2

[Event "51st La Roda Open 2025"]
[Site "La Roda"]
[Date "2025.04.20"]
[Round "9.15"]
[White "Leiva Raya, Nicolas"]
[Black "Rodriguez Garcia, Manuel Francisco"]
[Result "1/2-1/2"]
[Annotator "NA"]
[ECO "A45"]
[WhiteElo "1831"]
[BlackElo "2131"]
[PlyCount "50"]
[EventDate "2025.04.15"]
[EventType "swiss"]
[EventCountry "ESP"]
[SourceTitle "playchess.com"]
[Source "ChessBase"]
[SourceQuality "1"]
[TimeControl "5400+30"]

1. d4 Nf6 2. Bf4 g6 3. Nc3 d5 4. e3 Bg7 5. h4 h5 6. Nf3 c6 7. Ng5 Bf5 8. Bd3 Bxd3 9. Qxd3 Nbd7 10. O-O O-O 11. Rad1 Qb6 12. b3 Rfe8 13. e4 dxe4 14. Ncxe4 Nxe4 15. Qxe4 e5 16. dxe5 Nxe5 17. Bxe5 Rxe5 18. Qc4 Qc7 19. Rd3 Rae8 20. Rf3 R8e7 21. g3 b5 22. Qb4 a5 23. Qd2 Bh6 24. c4 Bxg5 25. hxg5 Rd7 1/2-1/2

[Event "51st La Roda Open 2025"]
[Site "La Roda"]
[Date "2025.04.20"]
[Round "9.16"]
[White "Abdsattar, Alisher"]
[Black "Sanchez Carrasco, Francisco Javier"]
[Result "1/2-1/2"]
[Annotator "NA"]
[ECO "B42"]
[WhiteElo "2126"]
[BlackElo "1978"]
[PlyCount "46"]
[EventDate "2025.04.15"]
[EventType "swiss"]
[EventCountry "ESP"]
[SourceTitle "playchess.com"]
[Source "ChessBase"]
[SourceQuality "1"]
[TimeControl "5400+30"]

1. e4 c5 2. Nf3 e6 3. d4 cxd4 4. Nxd4 a6 5. Bd3 Qc7 6. Qe2 d6 7. c4 Nd7 8. Nc3 Ngf6 9. O-O Be7 10. h3 Ne5 11. Be3 O-O 12. f4 Nxd3 13. Qxd3 b6 14. Rac1 Bb7 15. b3 Rfe8 16. Bf2 Bf8 17. Rfe1 Rac8 18. Nf3 Nd7 19. Qe3 Qb8 20. Red1 Rc7 21. Kh1 Qa8 22. Bg3 f5 23. Re1 Rcc8 1/2-1/2

[Event "51st La Roda Open 2025"]
[Site "La Roda"]
[Date "2025.04.20"]
[Round "9.17"]
[White "Cordoba Picazo, Manuel Javier"]
[Black "Hernandez Leon, Sergio"]
[Result "1/2-1/2"]
[Annotator "NA"]
[ECO "A07"]
[WhiteElo "1969"]
[BlackElo "2123"]
[PlyCount "60"]
[EventDate "2025.04.15"]
[EventType "swiss"]
[EventCountry "ESP"]
[SourceTitle "playchess.com"]
[Source "ChessBase"]
[SourceQuality "1"]
[TimeControl "5400+30"]

1. Nf3 d5 2. g3 Bg4 3. Ne5 Bf5 4. Bg2 Nd7 5. d4 e6 6. O-O Bd6 7. Nxd7 Qxd7 8. c4 c6 9. Nc3 Nf6 10. Bg5 Be7 11. Bf4 O-O 12. Qa4 Rfc8 13. Rfd1 b6 14. Rac1 b5 15. cxb5 cxb5 16. Nxb5 Ne8 17. Qa6 g5 18. Rxc8 Qxc8 19. Qxc8 Rxc8 20. Bc1 a6 21. Nc3 Nd6 22. a3 Nc4 23. e4 dxe4 24. Nxe4 h6 25. f3 a5 26. Bf1 Kg7 27. Kf2 Nxb2 28. Bxb2 Rc2+ 29. Rd2 Bxe4 30. Rxc2 Bxc2 1/2-1/2

[Event "51st La Roda Open 2025"]
[Site "La Roda"]
[Date "2025.04.20"]
[Round "9.18"]
[White "Perez Travieso, Saul"]
[Black "Arroyo Rodriguez, Jesus"]
[Result "1-0"]
[Annotator "NA"]
[ECO "A26"]
[WhiteElo "2111"]
[BlackElo "1954"]
[PlyCount "103"]
[EventDate "2025.04.15"]
[EventType "swiss"]
[EventCountry "ESP"]
[SourceTitle "playchess.com"]
[Source "ChessBase"]
[SourceQuality "1"]
[TimeControl "5400+30"]

1. Nf3 Nf6 2. g3 g6 3. Bg2 Bg7 4. c4 d6 5. Nc3 O-O 6. O-O Nc6 7. d3 e5 8. Rb1 a5 9. a3 Bf5 10. Nh4 Be6 11. b4 axb4 12. axb4 Qd7 13. b5 Nd8 14. Nf3 Bh3 15. Bg5 Bxg2 16. Kxg2 Re8 17. Bxf6 Bxf6 18. Nd5 Bg7 19. b6 c6 20. Nc7 Ne6 21. Nxa8 Rxa8 22. Qc2 f5 23. e3 Rf8 24. Qd2 f4 25. exf4 Nxf4+ 26. Kh1 Qh3 27. Rg1 Bh6 28. Qd1 Ne6 29. Rf1 Nc5 30. d4 exd4 31. Nxd4 Ne4 32. Qe2 Nd2 33. Rfd1 Nxb1 34. Rxb1 Qd7 35. Re1 Bg7 36. Nb3 Kf7 37. Kg2 Bf6 38. Qd3 Re8 39. Nc5 Qf5 40. Qxf5 gxf5 41. Rxe8 Kxe8 42. Nxb7 Kd7 43. c5 d5 44. Na5 d4 45. Kf3 d3 46. Ke3 Bc3 47. Nb3 Be1 48. f3 h5 49. Kxd3 Bf2 50. Nd4 Bg1 51. h3 Bf2 52. Kc4 1-0